 Dungeon Crawl Stone Soup version 0.31-a0-321-g19405a7a6a (webtiles) character file.

Game seed: 9600533243245703850

1 LeprechaunX the Changeling (level 1, 0/14 HPs)
             Began as an Octopode Shapeshifter on July 18, 2023.
             Slain by a jackal (2 damage)
             ... on level 1 of the Dungeon.
             The game lasted 00:00:11 (20 turns).

LeprechaunX the Changeling (Octopode Shapeshifter)    Turns: 20, Time: 00:00:11

Health: 0/14       AC:  1    Str: 14    XL:     1   Next: 20%
Magic:  1/1        EV: 13    Int: 10    God:
Gold:   2          SH:  0    Dex: 12    Spells: 0/0 levels left

rFire   . .          .
                       - Unarmed
rCold   . . .        (no shield)
rNeg    . . .        (helmet currently unavailable)
rPois   .            (no amulet)
rElec   .            (no ring)
rCorr   .            (no ring)
SInv    .            (no ring)
Will    .....        (no ring)
Stlth   ++           (no ring)
HPRegen 0.22/turn    (no ring)
MPRegen 0.07/turn    (no ring)
                     (no ring)

%: no passive effects
@: beast-form
A: beast (slay +2), almost no armour, amphibious, 8 rings, camouflage 1,
gelatinous body 1, (nimble swimmer 1), tentacles
a: Begin Untransformation


You were on level 1 of the Dungeon.
You were a hulking beast.
You visited 1 branch of the dungeon, and saw 1 of its levels.

You collected 2 gold pieces.

Inventory:

Talismans
 b - a beast talisman
Scrolls
 c - a scroll of blinking {unknown}
Potions
 a - a potion of lignification


   Skills:
 + Level 2.0 Fighting
 + Level 2.0 Dodging
 * Level 2.0 Unarmed Combat
 * Level 3.0 Shapeshifting


You couldn't memorise any spells.
You didn't know any spells.
Your spell library was empty.

Dungeon Overview and Level Annotations

Branches:
Dungeon (1/15)

Altars:


Innate Abilities, Weirdness & Mutations

You are a hulking beast.
Your limbs bulge with bestial killing power. (Slay +2)
You cannot wear most types of armour.
You are amphibious.
You can wear up to eight rings at the same time.
Your skin changes colour to match your surroundings (Stealth+).
Your rubbery body absorbs attacks. (AC +1, EV +1)
((You are camouflaged when in or above water. (Stealth+)))
You have tentacles for arms and can constrict up to eight enemies at once.


Message History

You now have 2 gold pieces.
c - a scroll labelled YTWO JUIRABA 2 jackals come into view.
There are monsters nearby!
There are monsters nearby!
A jackal comes into view.
Found 7 gold pieces.
The jackal barks! x2; You hear a bark!
A jackal comes into view.
The jackal barks!
The jackal bites you. x2; The jackal misses you.
The jackal attacks as you move away! The jackal misses you.
The jackal attacks as you move away!
The jackal bites you but does no damage.
The jackal attacks as you move away! The jackal bites you.
The jackal attacks as you move away! The jackal bites you.
The jackal attacks as you move away! The jackal barely misses you. x2
The jackal bites the plant.
The plant begins to die.
You are too injured to fight recklessly!
You are too injured to fight recklessly!
You are too injured to fight recklessly!
You tentacle-slap the jackal. You grab the jackal. You squeeze the jackal.
You kill the jackal!
The jackal closely misses you.
You tentacle-slap the jackal but do no damage.
You grab the jackal. You constrict the jackal. The jackal bites you.
* * * LOW HITPOINT WARNING * * *
The jackal closely misses you.
You tentacle-slap the jackal.
The jackal is heavily wounded.
You constrict the jackal.
The jackal struggles to escape constriction.
The jackal bites you.
* * * LOW HITPOINT WARNING * * *
The jackal misses you.
You release your grip on the jackal.
A nearby plant withers and dies.
The jackal closely misses you. The jackal attacks as you move away!
The jackal closely misses you. The jackal bites you.
You die...

###....#
......####
###.......
#...$...#####.#
#..P.P........#
##.P#~#..#.###.
..##~##hh.#
#.~~~~~h###
#.##~##h#
####.P#~#P.#
......P.P..#
##.......#
#...<...#
####.......####
......P.P....^..
##.#.P#~#P.#####
# #.##~##.#


You could see 3 jackals.

Vanquished Creatures
  A jackal (D:1)
1 creature vanquished.

Notes
Turn   | Place    | Note
-------+----------+-------------------------------------------
     0 | D:1      | LeprechaunX the Octopode Shapeshifter began the quest for
                  | the Orb.
     0 | D:1      | Reached XP level 1. HP: 14/14 MP: 1/1
    20 | D:1      | Slain by a jackal

Illustrated notes

Levels and vault maps discovered:
D:1:      eino_arrival_water_cross, layout_rooms,
          dreamdust_ecumenical_altar_angels_and_demons

Action                     || total
---------------------------++-------
  Melee: Unarmed           ||     3
         Constrict         ||     2
         Tentacles         ||     1
 Armour: Skin              ||     1
  Dodge: Dodged            ||     9

Table legend: (Time is in decaauts)
 A = Elapsed time spent in this place.
 B = Non-inter-level travel time spent in this place.
 C = Inter-level travel time spent in this place.
 D = Time resting spent in this place.
 E = Time spent auto-exploring this place.
 F = Levels seen in this place.
 G = Mean time per level.
                   A        B        C        D        E       F      G
               +--------+--------+--------+--------+--------+-----+--------+
         Total |     20 |     20 |      0 |      0 |      8 |   1 |   20.0 |
       Dungeon |     20 |     20 |      0 |      0 |      8 |   1 |   20.0 |
               +--------+--------+--------+--------+--------+-----+--------+

Top non-repeatable levels by time:
     D:1: 20 daAuts
